 Dungeon Crawl Stone Soup version 0.26-a0-478-g6c97825307 (webtiles) character file.

Game seed: 12434081716650583074

59542 Ge0ff the Spear-Bearer (level 14, -3/95 HPs)
             Began as a Demonspawn Summoner on Aug 1, 2020.
             Was a High Priest of Hepliaklqana.
             Slain by an ettin
             ... wielding a +0 great mace
              (42 damage)
             ... on level 2 of the Orcish Mines.
             The game lasted 01:07:10 (18473 turns).

Ge0ff the Spear-Bearer (Demonspawn Summoner)       Turns: 18473, Time: 01:07:10

Health: -3/95      AC: 10    Str:  9    XL:     14   Next: 53%
Magic:  13/31      EV: 15    Int: 21    God:    Hepliaklqana [*****.]
Gold:   1490       SH: 16    Dex: 19    Spells: 5/24 levels left

rFire    . . .     SeeInvis .   a - +3 spear (venom)
rCold    . . .     Faith    .   c - +1 kite shield
rNeg     . . .     Spirit   .   i - +1 troll leather armour
rPois    .         Reflect  +   Q - +1 hat {MR+}
rElec    .         Harm     .   A - +1 cloak of Wu Jian's Castigation {Dex+5}
rCorr    .                      (no gloves)
MR       ++...                  u - +0 pair of boots
Stlth    ++........             L - amulet of reflection
HPRegen  1.45/turn              r - ring of magical power
MPRegen  0.22/turn              J - ring of wizardry {=R}

@: mighty
A: reduced essence, claws 2, hooves 1, horns 1, repulsion field 2, demonic
guardian 1, powered by pain 3, regeneration 2
a: Recall Ancestor, Ancestor Identity, Transference, Idealise, Renounce Religion


You were on level 2 of the Orcish Mines.
You worshipped Hepliaklqana.
Hepliaklqana was extremely pleased with you.
You visited 4 branches of the dungeon, and saw 21 of its levels.
You also visited: Sewer.

You collected 1490 gold pieces.

Inventory:

Hand Weapons
 a - a +3 spear of venom (weapon)
 b - a +2 trident of protection
Missiles
 g - a throwing net {=f}
 t - 2 silver boomerangs
 v - 113 poisoned darts (quivered)
 H - 17 boomerangs
Armour
 c - a +1 kite shield (worn)
 i - a +1 troll leather armour (worn)
 u - a +0 pair of boots (worn)
 A - the +1 cloak of Wu Jian's Castigation (worn) {Dex+5}
   (You acquired it on level 4 of the Lair of Beasts)

   It affects your dexterity (+5).
 Q - a +1 hat of magic resistance (worn)
 Y - a +2 scale mail of fire resistance
Jewellery
 o - an uncursed amulet of guardian spirit
 r - a ring of magical power (left claw)
 s - an uncursed ring of protection from magic
 w - an uncursed ring of see invisible
 z - an uncursed ring of ice
 J - a ring of wizardry (right claw) {=R}
 L - an amulet of reflection (around neck)
 Z - an uncursed ring of poison resistance
Wands
 d - a wand of digging (15)
 e - a wand of enslavement (9)
 f - a wand of flame (62)
 j - a wand of acid (20)
 k - a wand of iceblast (11)
 p - a wand of paralysis (15)
 x - a wand of random effects (7)
 P - a wand of polymorph (10)
Scrolls
 m - 9 scrolls of magic mapping
 y - a scroll of immolation
 B - 5 scrolls of blinking
 C - 14 scrolls of remove curse
 E - 2 scrolls of fear
 F - 2 scrolls of fog
 S - a scroll of summoning
 T - 4 scrolls of teleportation
 V - 3 scrolls of vulnerability
Potions
 q - 10 potions of curing
 D - a potion of lignification {unknown}
 G - 8 potions of haste {!q}
 I - 3 potions of brilliance {unknown}
 K - 2 potions of magic {!q}
 M - 4 potions of might
 N - a potion of cancellation {!q}
 O - a potion of invisibility {unknown}
 R - 2 potions of resistance
 U - 3 potions of stabbing
 W - 5 potions of heal wounds {!q}
 X - 2 potions of flight {unknown}
Miscellaneous
 l - a lightning rod (1/4)
 n - a phial of floods (inert)


   Skills:
 + Level 8.3 Fighting
 + Level 11.2 Polearms
 - Level 1.0 Throwing
 + Level 4.8 Armour
 - Level 4.0 Dodging
 - Level 3.0 Stealth
 + Level 7.0 Shields
 + Level 5.5 Spellcasting
 * Level 3.1 Conjurations
 + Level 9.8 Summonings
 - Level 3.0 Translocations
 * Level 2.8 Transmutations
 - Level 7.0 Ice Magic
 - Level 7.0 Air Magic
 - Level 7.0 Invocations
 + Level 8.1 Evocations


You had 5 spell levels left.
You knew the following spells:

 Your Spells              Type           Power        Failure   Level
a - Call Imp              Summ           #####...     1%          2
d - Call Canine Familiar  Summ           #####...     1%          3
e - Irradiate             Conj/Tmut      ###.......   75%         5
g - Apportation           Tloc           ###...       4%          1
l - Summon Lightning Spi  Summ/Air       #####...     4%          4
s - Summon Ice Beast      Ice/Summ       #####...     4%          4

Your spell library contained the following spells:

 Spells                   Type           Power        Failure   Level
 Shock                    Conj/Air       ####         1%          1
 Summon Small Mammal      Summ           ####         1%          1
 Beastly Appendage        Tmut           ###...       4%          1
 Ensorcelled Hibernation  Hex/Ice        ###...       6%          2
 Summon Guardian Golem    Hex/Summ       ####....     6%          3
 Wereblood                Tmut           ###.....     8%          2
 Corona                   Hex            #......      16%         1
 Ice Form                 Ice/Tmut       ####....     21%         4
 Dazzling Flash           Conj/Hex       ##....       24%         3
 Spider Form              Tmut/Pois      ##........   26%         3
 Confusing Touch          Hex            #.......     41%         3
 Tukima's Dance           Hex            #.......     41%         3
 Passage of Golubria      Tloc           N/A          41%         4
 Lightning Bolt           Conj/Air       ####......   45%         5
 Silence                  Hex/Air        ###.......   67%         5
 Blade Hands              Tmut           ###.......   77%         5
 Freezing Cloud           Conj/Ice/Air   ####......   90%         6
 Conjure Ball Lightning   Conj/Air       ####......   95%         6
 Hydra Form               Tmut           ###.......   99%         6
 Statue Form              Tmut/Erth      ##.......    100%        6
 Dragon Form              Tmut           ###.......   100%        7
 Orb of Destruction       Conj           ###.......   100%        7


Dungeon Overview and Level Annotations

Branches:
Dungeon (12/15)            Temple (1/1) D:4            Lair (6/6) D:9
 Shoals (0/4) Lair:4       Spider (0/4) Lair:3        Slime (0/5) Lair:6
    Orc (2/2) D:12          Sewer (visited)
    Elf: Orc:2

Altars:
Ashenzari
Cheibriados
Dithmenos
Elyvilon
Fedhas
Gozag
Hepliaklqana
Kikubaaqudgha
Makhleb
Nemelex Xobeh
Okawaru
Qazlal
Ru
Sif Muna
Trog
Uskayaw
Vehumet
Wu Jian
Xom
Yredelemnul
Zin
The Shining One
Jiyva

Shops:
Orc:1 ?

Annotations:
D:12 2 transporters, Saestreg's ghost, journeyman FoFi
Lair:1 stash
Lair:3 exclusion: ice statue


Innate Abilities, Weirdness & Mutations

You have very sharp fingernails.
You are surrounded by a moderate repulsion field. (EV +3)
A weak demonic guardian rushes to your aid.
You are powered by pain.
Your life essence is reduced to manifest your ancestor. (-10% HP)
You have large cloven feet.
You have a pair of small horns on your head.
You heal very quickly.


Message History

A chill wind blows around you.
Casting: Summon Ice Beast (dangerous; 4% risk of failure)
Confirm with . or Enter, or press ? or * to list all spells.
An electric hum fills the air.
Your ice beast hits the ettin.
Your ice beast freezes the ettin!
Your shadow imp closely misses the ettin.
The cyclops throws a large rock.
The large rock hits your ice beast!!
Your ice beast barely misses the ettin.
Evoke which item? (* to show all) (? for menu, Esc to quit)
Aiming: Corrosive Bolt
Press: ? - help, Shift-Dir - straight line, f - ettin
Aim: an ettin, wielding a +0 great mace and a +0 dire flail (lightly wounded)
The bolt of acid hits the ettin!!
The ettin is splashed with acid!
The acid corrodes the ettin!
The ettin is heavily wounded.
The ettin hits you with a +0 great mace!!!
You focus on the pain.
You feel very mighty all of a sudden.
The ettin hits you with a +0 dire flail!!!
You die...

### # ##@## ..
#YC5# ...
#####YY## ....
##.##.)≈# .....
#....8≈C#....P.
##.<≈≈≈≈.......
#..≈##≈......C
##.###........
### ##.#.....


You could see an ettin (corroded), a cyclops, 3 friendly ice beasts, a friendly
lightning spire (summoned) and a friendly shadow imp (summoned).

Vanquished Creatures
  An orc warlord (Orc:2)
  A hydra (Lair:1)
  Fannar (D:11)
  Josephine (Orc:1)
  A catoblepas (Lair:6)
  A two-headed ogre (D:9)
  7 spriggans (Lair:4)
  A harpy (Lair:6)
  An orc sorcerer (Orc:1)
  2 manticores
  A cyclops (D:9)
  2 black mambas
  Joseph (D:7)
  An elephant (Lair:6)
  6 cane toads
  A rime drake (Lair:6)
  2 komodo dragons
  3 trolls
  3 hornets (Lair:4)
  Grinder (D:5)
  2 polar bears (D:12)
  4 hippogriffs
  2 dream sheep (Lair:6)
  Eustachio (D:5)
  2 wraiths (Orc:1)
  15 yaks
  2 wyverns
  The ghost of anet the Grave Robber, an amateur GnNe (D:3)
  Menkaure (D:4)
  2 wargs (Orc:1)
  7 water moccasins
  3 porcupines
  12 orc warriors
  An ice beast (Lair:3)
  A sky beast (D:11)
  4 ogres
  A black bear (Lair:5)
  A boggart (Lair:4)
  4 centaurs
  8 wolves
  4 crocodiles
  A big kobold (D:11)
  9 bullfrogs
  Dowan (D:5)
  A battlemage (Orc:1)
  A scorpion (D:7)
  2 killer bees (D:11)
  2 wights
  2 howler monkeys
  6 electric eels
  A bullfrog zombie (D:11)
  A jelly (D:6)
  5 orc priests
  4 orc wizards
  A bullfrog skeleton (D:5)
  Jessica (D:3)
  A centaur skeleton (D:4)
  An iguana (D:12)
  5 worker ants
  An ancestor (D:5)
  4 gnolls
  10 adders
  A shadow imp (D:7)
  2 white imps
  An ufetubus (D:8)
  4 oozes (Sewer)
  An adder zombie (D:6)
  An adder skeleton (D:6)
  2 worms
  10 leopard geckos
  28 orcs
  10 ball pythons
  5 bats (D:3)
  16 giant cockroaches
  5 goblins
  4 hobgoblins
  7 jackals
  11 kobolds
  4 quokkas
  15 frilled lizards
  A quokka skeleton (D:6)
  3 rats (D:2)
  A plant (Lair:6)
308 creatures vanquished.

Vanquished Creatures (collateral kills)
  Gastronok (Lair:3)
  An orc warlord (Orc:1)
  A dire elephant (Lair:6)
  Harold (Orc:1)
  3 hydras
  A merfolk avatar (Lair:6)
  An ugly thing (D:12)
  A manticore (Lair:6)
  2 cyclopes
  An oklob plant (Lair:3)
  2 centaur zombies
  7 black mambas
  13 elephants (Lair:6)
  A gargoyle (D:12)
  8 cane toads
  5 rime drakes
  A freezing wraith (Lair:3)
  2 centaur skeletons
  A komodo dragon (Lair:1)
  11 polar bears
  4 trolls
  5 dream sheep (Lair:6)
  7 hippogriffs
  Sigmund (D:3)
  3 wraiths
  6 spriggans
  31 yaks
  A basilisk (D:9)
  2 wyverns
  11 water moccasins
  A soldier ant (Orc:1)
  Duvessa (D:5)
  Edmund (D:6)
  10 porcupines
  A phantom (D:6)
  3 ice beasts (Lair:3)
  8 orc warriors
  A boggart (Lair:4)
  28 wolves
  3 ogres
  6 crocodiles
  A centaur (D:9)
  A big kobold (D:12)
  A gnoll sergeant (D:9)
  10 bullfrogs
  3 killer bees (D:11)
  15 wights
  2 howler monkeys
  2 jellies
  2 quasits
  12 orc wizards
  6 hounds
  4 orc priests
  2 iguanas
  Ijyb (D:5)
  A statue (D:8)
  2 worker ants
  2 hound skeletons
  11 gnolls
  5 adders
  2 shadow imps
  5 white imps
  2 oozes (Sewer)
  An adder skeleton (D:9)
  2 adder zombies (D:6)
  A worm (D:2)
  A dart slug (D:1)
  3 leopard geckos
  43 orcs
  A ball python (Sewer)
  A bat (D:2)
  A giant cockroach (Sewer)
  A goblin (D:1)
  A hobgoblin (D:1)
  8 jackals
  4 kobolds
  2 quokkas
  7 frilled lizards
  A bush (Lair:3)
  3 fungi (Lair:6)
371 creatures vanquished.

Vanquished Creatures (others)
  29 battlemagi
  An ancestor (D:6)
  14 fungi
  32 plants
76 creatures vanquished.

Grand Total: 755 creatures vanquished

Notes
Turn   | Place    | Note
-------+----------+-------------------------------------------
     0 | D:1      | Ge0ff the Demonspawn Summoner began the quest for the Orb.
     0 | D:1      | Reached XP level 1. HP: 13/13 MP: 3/3
   248 | D:1      | Reached skill level 1 in Polearms
   290 | D:1      | Gained mutation: You are surrounded by a mild repulsion
                  | field. (EV +2) [demonic ancestry]
   290 | D:1      | Reached XP level 2. HP: 13/20 MP: 5/5
   593 | D:1      | Reached skill level 1 in Fighting
   858 | D:1      | Reached skill level 2 in Polearms
   920 | D:1      | Learned a level 2 spell: Call Imp
   974 | D:2      | Reached XP level 3. HP: 26/26 MP: 6/6
   979 | D:2      | Learned a level 3 spell: Call Canine Familiar
  1549 | D:3      | Found a shattered altar of Ashenzari.
  1650 | D:3      | Gained mutation: You are surrounded by a moderate repulsion
                  | field. (EV +3) [demonic ancestry]
  1650 | D:3      | Reached XP level 4. HP: 32/32 MP: 7/7
  1683 | D:3      | Found a sacrificial altar of Ru.
  1694 | D:3      | Found a runed translucent door.
  1705 | D:3      | Noticed a bullfrog
  1706 | D:3      | Noticed anet's ghost (amateur GnNe)
  1706 | D:3      | Noticed Jessica
  1712 | D:3      | Killed Jessica
  1712 | D:3      | Reached skill level 3 in Polearms
  1738 | D:3      | Gained mutation: You have sharp fingernails. [demonic
                  | ancestry]
  1738 | D:3      | Reached XP level 5. HP: 37/37 MP: 8/8
  1813 | D:3      | Learned a level 4 spell: Summon Lightning Spire
  2097 | D:3      | Noticed Sigmund
  2142 | D:3      | Killed Sigmund
  2142 | D:3      | Reached skill level 1 in Air Magic
  2142 | D:3      | Reached XP level 6. HP: 43/43 MP: 10/10
  2686 | D:4      | You fall into a shaft and drop 1 floor!
  2686 | D:5      | Entered Level 5 of the Dungeon
  2700 | D:5      | Noticed Duvessa
  2705 | D:5      | Noticed Dowan
  2709 | D:5      | Gained mutation: You have a pair of small horns on your
                  | head. [potion of mutation]
  2709 | D:5      | Gained mutation: You have large cloven feet. [potion of
                  | mutation]
  2709 | D:5      | Gained mutation: Your natural rate of healing is unusually
                  | fast. [potion of mutation]
  2709 | D:5      | Gained mutation: You heal very quickly. [potion of
                  | mutation]
  2712 | D:5      | Noticed Eustachio
  2717 | D:5      | Noticed Grinder
  2852 | D:4      | Found a glowing drain.
  2893 | Sewer    | Entered a sewer
  3105 | Sewer    | Reached skill level 4 in Polearms
  3280 | Sewer    | Gained mutation: A weak demonic guardian rushes to your
                  | aid. [demonic ancestry]
  3280 | Sewer    | Reached XP level 7. HP: 42/50 MP: 11/11
  3391 | D:3      | Reached skill level 5 in Summonings
  3433 | D:3      | Killed anet's ghost
  3526 | D:4      | Found a staircase to the Ecumenical Temple.
  3527 | D:4      | Noticed Menkaure
  3549 | D:4      | Killed Menkaure
  3565 | Temple   | Entered the Ecumenical Temple
  3762 | Temple   | Became a worshipper of Hepliaklqana the Forgotten
  4063 | D:5      | Reached skill level 5 in Polearms
  4144 | D:5      | Noticed Ijyb
  4157 | D:5      | Killed Ijyb
  4157 | D:5      | Reached XP level 8. HP: 22/50 MP: 13/13
  4218 | D:5      | Reached skill level 1 in Evocations
  4272 | D:5      | Killed Eustachio
  4272 | D:5      | Killed Grinder
  4272 | D:5      | Reached skill level 1 in Armour
  4435 | D:5      | Killed Duvessa
  4442 | D:5      | Killed Dowan
  4456 | D:5      | Found a bloodstained altar of Trog.
  4563 | D:6      | Noticed Edmund
  4583 | D:6      | Killed Edmund
  4714 | D:6      | Found a shimmering blue altar of Sif Muna.
  4725 | D:6      | Reached * piety under Hepliaklqana
  4811 | D:6      | Gained mutation: You sometimes gain a little power by
                  | taking damage. [demonic ancestry]
  4811 | D:6      | Reached XP level 9. HP: 39/55 MP: 15/15
  4859 | D:6      | Found a stormy altar of Qazlal.
  4993 | D:6      | Reached skill level 6 in Polearms
  5086 | D:6      | Found an iron altar of Okawaru.
  5314 | D:6      | Found an ornate altar of the Wu Jian Council.
  5872 | D:7      | Reached skill level 1 in Shields
  5941 | D:7      | Reached skill level 5 in Air Magic
  6092 | D:7      | Found a shimmering altar of Xom.
  6096 | D:7      | Found a hide-covered altar of Uskayaw.
  6097 | D:7      | Found an ancient bone altar of Kikubaaqudgha.
  6189 | D:7      | Noticed Joseph
  6209 | D:7      | Killed Joseph
  6249 | D:7      | Found an opulent altar of Gozag.
  6333 | D:7      | Reached ** piety under Hepliaklqana
  6334 | D:7      | Remembered your ancestor Mnohand as a battlemage
  6970 | D:8      | Found a radiant altar of Vehumet.
  7007 | D:8      | Reached skill level 5 in Spellcasting
  7013 | D:8      | Learned a level 4 spell: Summon Ice Beast
  7409 | D:8      | Found a sacrificial altar of Ru.
  7553 | D:9      | Found a staircase to the Lair.
  7654 | D:9      | Gained mutation: You sometimes gain power by taking damage.
                  | [demonic ancestry]
  7654 | D:9      | Reached XP level 10. HP: 63/63 MP: 17/17
  7657 | D:9      | Reached skill level 1 in Ice Magic
  7754 | D:8      | Reached skill level 7 in Polearms
  7987 | D:8      | Reached skill level 1 in Invocations
  8194 | D:9      | Noticed a cyclops
  8212 | D:9      | Killed a cyclops
  8323 | D:9      | Found a sparkling altar of Nemelex Xobeh.
  8350 | D:9      | Noticed a two-headed ogre
  8368 | D:9      | Killed a two-headed ogre
  8375 | D:9      | Reached *** piety under Hepliaklqana
  8760 | D:9      | Noticed a cyclops
  8776 | D:9      | Killed a cyclops
  8790 | D:9      | Got an encrusted shortbow
  8796 | D:9      | Identified the +8 shortbow of Moral Flaws {vorpal, rF+ MR+
                  | Str+3} (You found it on level 9 of the Dungeon)
  9048 | D:10     | Entered Level 10 of the Dungeon
  9079 | D:10     | Reached XP level 11. HP: 70/70 MP: 18/18
  9656 | D:11     | Reached skill level 8 in Polearms
  9696 | D:11     | Reached skill level 5 in Fighting
  9836 | D:11     | Noticed Fannar
  9876 | D:11     | Killed Fannar
 10429 | D:12     | Reached skill level 5 in Evocations
 10613 | D:12     | Reached **** piety under Hepliaklqana
 10637 | D:12     | Reached skill level 5 in Ice Magic
 10698 | D:12     | Noticed Saestreg's ghost (journeyman FoFi)
 10717 | D:12     | Found a transporter.
 10721 | D:12     | Found a transporter.
 10741 | D:12     | Noticed a cyan ugly thing
 10751 | D:12     | Killed a cyan ugly thing
 10828 | D:12     | Reached skill level 1 in Throwing
 10838 | D:12     | Found a staircase to the Orcish Mines.
 10897 | D:12     | Found a bloodstained altar of Trog.
 11189 | Lair:1   | Entered Level 1 of the Lair of Beasts
 11197 | Lair:1   | Reached skill level 5 in Invocations
 11197 | Lair:1   | Gained mutation: You are powered by pain. [demonic
                  | ancestry]
 11197 | Lair:1   | Reached XP level 12. HP: 75/78 MP: 19/19
 11271 | Lair:1   | Noticed a five-headed hydra
 11291 | Lair:1   | Killed a five-headed hydra
 11546 | Lair:1   | Reached skill level 9 in Polearms
 11879 | Lair:1   | Reached ***** piety under Hepliaklqana
 12337 | Lair:2   | Identified the Compendium of Unstable Air
 12341 | Lair:2   | Learned a level 1 spell: Apportation
 12850 | Lair:2   | Reached skill level 1 in Translocations
 12859 | Lair:2   | Noticed a four-headed hydra
 12867 | Lair:2   | Killed a four-headed hydra
 12970 | Lair:2   | Reached skill level 5 in Shields
 14130 | Lair:3   | Noticed Gastronok
 14140 | Lair:3   | Killed Gastronok
 14140 | Lair:3   | Reached XP level 13. HP: 57/85 MP: 20/20
 14391 | Lair:3   | Found a hole to the Spider Nest.
 14635 | Lair:4   | Reached skill level 10 in Polearms
 14676 | Lair:4   | Identified a scroll of acquirement
 14676 | Lair:4   | Acquired the +1 cloak of Wu Jian's Castigation {Dex+5}
 14755 | Lair:4   | Found a staircase to the Shoals.
 16405 | Lair:6   | Entered Level 6 of the Lair of Beasts
 16533 | Lair:6   | Found a staircase to the Slime Pits.
 16534 | Lair:6   | Found a viscous altar of Jiyva.
 16861 | Lair:6   | Reached skill level 11 in Polearms
 17022 | Lair:6   | Gained mutation: You have very sharp fingernails. [demonic
                  | ancestry]
 17022 | Lair:6   | Reached XP level 14. HP: 93/93 MP: 21/21
 17266 | Lair:6   | Learned a level 5 spell: Irradiate
 17387 | Lair:6   | Reached skill level 1 in Transmutations
 17400 | Lair:6   | Reached skill level 1 in Conjurations
 17484 | Lair:6   | Identified the Papyrus of Combat Magic
 17981 | Orc:1    | Entered Level 1 of the Orcish Mines
 17981 | Orc:1    | Noticed Harold
 17983 | Orc:1    | Noticed Maurice
 17984 | Orc:1    | Noticed Maurice
 17984 | Orc:1    | Maurice changed into Maurice the soldier ant
 17997 | Orc:1    | Killed Maurice the soldier ant
 18007 | Orc:1    | Killed Harold
 18088 | Orc:1    | Noticed an orc warlord
 18096 | Orc:1    | Killed an orc warlord
 18279 | Orc:1    | Found Najemasa's Magic Scroll Emporium.
 18295 | Orc:1    | Noticed Josephine
 18297 | Orc:1    | Killed Josephine
 18376 | Orc:1    | Noticed an orc warlord
 18420 | Orc:2    | Entered Level 2 of the Orcish Mines
 18466 | Orc:2    | Killed an orc warlord
 18473 | Orc:2    | Slain by an ettin

Illustrated notes

Levels and vault maps discovered:
D:1:      co_arrival_square_in_a_square_in_a_square, layout_rooms
D:2:      layout_rooms
D:3:      layout_basic, overflow_temple_1_default, ebering_ghost_sewer_d,
          nicolae_ashenzari_panopticon, uniq_jessica, uniq_sigmund
D:4:      layout_rooms, minmay_temple_entry_purple_smoke, portal_sewer_entry_f,
          uniq_menkaure
D:5:      layout_rooms, lightli_temple_of_fire, uniq_ijyb, uniq_eustachio,
          uniq_duvessa, uniq_grinder
D:6:      layout_layer_cave, kennysheep_mini_moat,
          nicolae_overflow_hidden_temple, nicolae_qazlal_general_emergency,
          serial_bayou_pond_c, okawaru_ov_weapons_minmay, uniq_edmund
D:7:      layout_gridville, lemuel_doored_altar, overflow_temple_1_default,
          grunt_temple_overflow_open, uniq_joseph
D:8:      layout_loops_cross, vehumet_statue, basic_altar
D:9:      layout_cave_pools, nemelex_xobeh_ov_fountains_minmay,
          minmay_lair_entry_grove, small_chamber_with_monster, lightli_minifort
D:10:     layout_rooms
D:11:     layout_roguey, uniq_fannar
D:12:     layout_big_octagon, orc_david_3, gammafunk_ghost_hive,
          trog_ov_bears_minmay
Temple:   grunt_temple_mini_profane
Lair:1:   layout_regular_city
Lair:2:   layout_cave_shapes
Lair:3:   layout_regular_city, spider_nest_entry_web_field, ice2_lemuel,
          uniq_gastronok
Lair:4:   kb_forest_paths, layout_regular_city, minmay_shoals_entry_beasts,
          chequers_serial_rivers_small_a
Lair:5:   layout_gridlike, grunt_forest_stairs_clearing, serial_bayou_shore_b
Lair:6:   gammafunk_lair_ancient_temple, layout_loops_ring, slime_altar_1
Orc:1:    layout_caves, serial_shops, shop, uniq_josephine, uniq_harold,
          uniq_maurice
Orc:2:    grunt_orc_gardens, layout_caves, grunt_orc_garden, grunt_orc_garden,
          grunt_orc_garden, grunt_orc_garden, nicolae_orc_stony_grotto

Skill      XL: |  1  2  3  4  5  6  7  8  9 10 11 12 13 14 |
---------------+-------------------------------------------+-----
Polearms       | 1 2 3 4 5 6 7 8 9 11 | 11.2
Fighting       | 1 2 3 4 5 6 7 8 |  8.3
Dodging        | 2 3 4 |  4.0
Stealth        | 2 3 |  3.0
Air Magic      | 1 2 3 4 5 6 7 |  7.0
Spellcasting   | 3 4 5 |  5.5
Summonings     | 5 6 7 8 9 |  9.8
Evocations     | 2 3 4 5 6 7 8 |  8.1
Armour         | 1 2 3 4 |  4.8
Shields        | 2 3 4 5 6 7 |  7.0
Ice Magic      | 3 5 7 |  7.0
Invocations    | 3 5 6 7 |  7.0
Throwing       | 1 |  1.0
Translocations | 2 3 |  3.0
Transmutations | 2 |  2.8
Conjurations   | 3 |  3.1

Action                   |  1- 3 |  4- 6 |  7- 9 | 10-12 | 13-15 || total
-------------------------+-------+-------+-------+-------+-------++-------
Melee: Spear             |   109 |   205 |   364 |   294 |    53 ||  1025
       Headbutt          |       |     6 |    43 |    79 |   100 ||   228
       Trident           |       |       |     5 |   394 |   535 ||   934
Throw: Boomerang         |    45 |     5 |       |       |       ||    50
       Stone             |       |    10 |    24 |       |       ||    34
       Dart              |       |       |       |    55 |    13 ||    68
 Cast: Summon Small Mamm |    16 |       |       |       |       ||    16
       Call Imp          |     8 |    19 |     7 |       |       ||    34
       Call Canine Famil |       |     2 |    15 |    12 |     7 ||    36
       Summon Ice Beast  |       |       |       |    16 |    44 ||    60
       Summon Lightning  |       |       |       |     4 |    10 ||    14
       Apportation       |       |       |       |     4 |    17 ||    21
Invok: Ancestor Identity |       |       |     2 |       |       ||     2
       Recall Ancestor   |       |       |     2 |     1 |     3 ||     6
       Ancestor Life: Ba |       |       |     1 |       |       ||     1
       Idealise          |       |       |       |     1 |     6 ||     7
Evoke: Wand              |       |       |       |    18 |    13 ||    31
       Lightning rod     |       |       |       |       |     5 ||     5
       Phial of floods   |       |       |       |       |     1 ||     1
  Use: Scroll            |     4 |     7 |     4 |    11 |    11 ||    37
       Potion            |       |     6 |       |       |       ||     6
 Stab: Distracted        |     1 |     1 |     3 |     8 |    21 ||    34
       Sleeping          |     1 |     6 |     4 |     7 |     1 ||    19
       Paralysed         |       |       |       |     3 |       ||     3
Armor: Robe              |    12 |    31 |     8 |       |       ||    51
       Ring mail         |       |       |    28 |    19 |       ||    47
       Troll leather arm |       |       |       |    64 |    87 ||   151
       Scale mail        |       |       |       |     1 |       ||     1
Dodge: Dodged            |    56 |   126 |    96 |   219 |   170 ||   667
Block: Other             |       |       |    51 |    33 |       ||    84
       Reflection        |       |       |     2 |    16 |     6 ||    24
       Kite shield       |       |       |       |   324 |   323 ||   647

Table legend: (Time is in decaauts)
 A = Elapsed time spent in this place.
 B = Non-inter-level travel time spent in this place.
 C = Inter-level travel time spent in this place.
 D = Time resting spent in this place.
 E = Time spent auto-exploring this place.
 F = Levels seen in this place.
 G = Mean time per level.
                   A        B        C        D        E       F      G
               +--------+--------+--------+--------+--------+-----+--------+
         Total |  18262 |  17139 |   1123 |    191 |  10767 |  22 |  830.1 |
       Dungeon |  10501 |   9698 |    803 |    125 |   6200 |  12 |  875.1 |
        Temple |    223 |    174 |     49 |      0 |    172 |   1 |  223.0 |
          Lair |   6591 |   6321 |    270 |     50 |   4198 |   6 | 1098.5 |
  Orcish Mines |    468 |    468 |      0 |     16 |    127 |   2 |  234.0 |
         Sewer |    477 |    477 |      0 |      0 |     69 |   1 |  477.0 |
               +--------+--------+--------+--------+--------+-----+--------+

Top non-repeatable levels by time:
  Lair:6: 1320 daAuts
  Lair:3: 1301 daAuts
     D:3: 1230 daAuts
     D:6: 1184 daAuts
     D:8: 1179 daAuts
     D:9: 1175 daAuts
  Lair:2: 1078 daAuts
  Lair:1: 1031 daAuts
     D:1: 985 daAuts
     D:7: 967 daAuts
  Lair:5: 934 daAuts
  Lair:4: 925 daAuts
    D:11: 843 daAuts
    D:12: 736 daAuts
     D:4: 585 daAuts
